 Dungeon Crawl Stone Soup version 0.23-a0-890-gc183402 (console) character file.

Game seed: 10035057006460176641

53 Duffy the Chopper (level 3, 7/29 HPs)
             Began as a Demonspawn Fighter on Jan 28, 2019.
             Quit the game on level 3 of the Dungeon.
             The game lasted 00:00:38 (315 turns).

Duffy the Chopper (Demonspawn Fighter)               Turns: 315, Time: 00:00:38

Health: 7/29       AC:  6    Str: 16    XL:     3   Next: 64%
Magic:  2/3        EV:  6    Int: 10    God:
Gold:   12         SH:  8    Dex: 12    Spells: 2/2 levels left

rFire    . . .     SeeInvis .   a - +0 war axe
rCold    . . .     Gourm    .   c - +0 shield
rNeg     . . .     Faith    .   b - +0 scale mail
rPois    .         Spirit   +   (no helmet)
rElec    .         Reflect  .   (no cloak)
rCorr    .         Harm     .   (no gloves)
MR       .....                  (no boots)
Stlth    ..........             (no amulet)
HPRegen  0.09/turn              (no ring)
MPRegen  0.08/turn              (no ring)

@: no status effects
A: magic shield, rot immunity
a: no special abilities


You were on level 3 of the Dungeon.
You were not hungry.

You visited 1 branch of the dungeon, and saw 3 of its levels.

You collected 12 gold pieces.

Inventory:

Hand Weapons
 a - a +0 war axe (weapon)
Armour
 b - a +0 scale mail (worn)
 c - a +0 shield (worn)
Scrolls
 g - a scroll of enchant armour {unknown}
 h - a scroll of remove curse {unknown}
 j - a scroll of blinking {unknown}
Potions
 d - a potion of might
 e - a potion of berserk rage {unknown}
Comestibles
 f - a ration
 i - 2 chunks of flesh


   Skills:
 - Level 3.0 Fighting
 + Level 3.7 Axes
 - Level 2.6 Armour
 - Level 2.6 Shields


You had 2 spell levels left.
You didn't know any spells.
Your spell library was empty.

Dungeon Overview and Level Annotations

Branches:
Dungeon (3/15)

Altars:


Innate Abilities, Weirdness & Mutations

When hurt, damage is shared between your health and your magic reserves.
You are immune to rotting.


Message History

You hit the orc wizard.
The frilled lizard bites you but does no damage.
The orc wizard points at you and mumbles some strange words.
You resist with significant effort.
The orc priest hits you with a +0 short sword.
The frilled lizard bites you but does no damage.
You slash the orc priest!
You kill the orc priest!
You have reached level 3!
Your experience leads to an increase in your attributes!
Increase (S)trength, (I)ntelligence, or (D)exterity?
You feel clever.
Your demonic ancestry asserts itself...
You feel immune to rotting.
You hit the frilled lizard but do no damage.
You hit the orc wizard. The bat hits you.
The orc wizard hits you but does no damage.
You block the frilled lizard's attack.
The orc wizard points at you and mumbles some strange words.
The puff of flame hits you.
Are you sure you want to abandon this character and quit the game? (Confirm with "yes".)

####..
#....#
##.....
##.....#
......#
..##....##
#.......#
#...<.#
#...o@#
#...)l)..#
#......#!#
###.##.# #
.. .. ...
#.. .###
.#. .. ..


You could see an orc wizard and a frilled lizard.

Vanquished Creatures
  An orc priest (D:3)
  A worm (D:2)
  3 orcs (D:3)
  3 goblins
  3 hobgoblins
  4 jackals (D:3)
  A kobold (D:2)
16 creatures vanquished.

Notes
Turn   | Place    | Note
-------+----------+-------------------------------------------
     0 | D:1      | Duffy the Demonspawn Fighter began the quest for the Orb.
     0 | D:1      | Reached XP level 1. HP: 18/18 MP: 1/1
   179 | D:2      | Gained mutation: When hurt, damage is shared between your
                  | health and your magic reserves. [demonic ancestry]
   179 | D:2      | Reached XP level 2. HP: 21/24 MP: 2/2
   314 | D:3      | Gained mutation: You are immune to rotting. [demonic
                  | ancestry]
   314 | D:3      | Reached XP level 3. HP: 12/29 MP: 3/3
   315 | D:3      | Quit the game

Vault maps used:
D:1:      nicolae_arrival_memento_mori, chequers_serial_rivers_small_b,
          minmay_stone_trees_small
D:3:      grunt_temple_overflow_open,
          nicolae_gozag_cash_rules_everything_around_me, uniq_terence

Skill      XL: |  1  2 |
---------------+-------+-----
Axes           | 2 3 |  3.7
Fighting       | |  3.0
Armour         | |  2.6
Shields        | |  2.6

Action                   || total
-------------------------++-------
Melee: War axe           ||    52
Armor: Scale mail        ||    41
Dodge: Dodged            ||    22
Block: Shield            ||    39

Table legend:
 A = Non-vault XP
 B = Vault XP
 C = Vault XP percentage of total XP
 D = Non-vault monster count
 E = Vault monster count
 F = Vault count percentage of total count
                 A         B        C        D         E       F
            +---------+---------+-------+---------+---------+-------
      Total |      77 |       0 |   0.0 |      16 |       0 |   0.0
            +---------+---------+-------+---------+---------+-------
        D:1 |       4 |       0 |   0.0 |       2 |       0 |   0.0
        D:2 |      15 |       0 |   0.0 |       6 |       0 |   0.0
        D:3 |      58 |       0 |   0.0 |       8 |       0 |   0.0
            +---------+---------+-------+---------+---------+-------
